[Event "GMI ECAM Lyon"]
[Site "?"]
[Date "2023.04.12"]
[Round "4.1"]
[White "Cheng, Bobby"]
[Black "Saraci, Nderim"]
[Result "1/2-1/2"]
[ECO "E04"]
[WhiteElo "2547"]
[BlackElo "2463"]
[PlyCount "31"]
[EventDate "2023.04.11"]
[SourceDate "2023.04.11"]
[TimeControl "1/40:0"]

1. d4 Nf6 2. c4 e6 3. g3 d5 4. Bg2 dxc4 5. Nf3 a6 6. Ne5 c5 7. Be3 Nbd7 8. Nxc4
Nd5 9. Nc3 Nxe3 10. fxe3 Rb8 11. d5 Nb6 12. Nxb6 Qxb6 13. dxe6 Bxe6 14. O-O Be7
15. Qa4+ Bd7 16. Qf4 1/2-1/2

[Event "GMI ECAM Lyon"]
[Site "?"]
[Date "2023.04.12"]
[Round "4.1"]
[White "Roshka, Yevgeniy"]
[Black "Dgebuadze, Alexandre"]
[Result "1/2-1/2"]
[ECO "E14"]
[WhiteElo "2505"]
[BlackElo "2428"]
[PlyCount "83"]
[EventDate "2023.04.11"]
[SourceDate "2023.04.11"]
[TimeControl "1/40:0"]

1. d4 Nf6 2. c4 e6 3. Nf3 Bb4+ 4. Nbd2 b6 5. a3 Bxd2+ 6. Qxd2 Bb7 7. e3 a5 8.
b3 d6 9. Bb2 Nbd7 10. Bd3 Be4 11. Qc2 Bxd3 12. Qxd3 O-O 13. e4 e5 14. O-O Re8
15. Rfe1 Nh5 16. g3 Nhf6 17. Re2 Qc8 18. Rae1 Qb7 19. Nd2 Rad8 20. a4 exd4 21.
Qxd4 Qc6 22. f3 Re6 23. Kg2 Rde8 24. Re3 Qc5 25. Qxc5 Nxc5 26. Bd4 Nfd7 27. f4
f6 28. Kf3 Na6 29. Nb1 Nb4 30. R1e2 Nc5 31. Na3 Nc6 32. Nb5 R6e7 33. h4 h5 34.
Bb2 Kf7 35. Re1 Nb4 36. R1e2 Nc6 37. Ba1 g6 38. Bb2 Rd7 39. Re1 Rde7 40. R1e2
Rd7 41. Re1 Rde7 42. R1e2 1/2-1/2

[Event "GMI ECAM Lyon"]
[Site "?"]
[Date "2023.04.12"]
[Round "4.2"]
[White "Milliet, Sophie"]
[Black "Barbot, Pierre"]
[Result "1/2-1/2"]
[ECO "C50"]
[WhiteElo "2392"]
[BlackElo "2442"]
[PlyCount "26"]
[EventDate "2023.04.11"]
[SourceDate "2023.04.11"]
[TimeControl "1/40:0"]

1. e4 e5 2. Nf3 Nc6 3. Bc4 Bc5 4. d3 Nf6 5. Bg5 h6 6. Bh4 O-O 7. Nc3 Be7 8.
Bxf6 Bxf6 9. Nd5 d6 10. a4 Nd4 11. Nxd4 exd4 12. O-O c6 13. Nxf6+ Qxf6 1/2-1/2

[Event "GMI ECAM Lyon"]
[Site "?"]
[Date "2023.04.13"]
[Round "5.1"]
[White "Fedorchuk, Sergey A"]
[Black "Velten, Paul"]
[Result "1/2-1/2"]
[ECO "C07"]
[WhiteElo "2607"]
[BlackElo "2488"]
[PlyCount "98"]
[EventDate "2023.04.11"]
[SourceDate "2023.04.11"]
[TimeControl "1/40:0"]

1. e4 e6 2. d4 d5 3. Nd2 c5 4. Ngf3 cxd4 5. Nxd4 Nf6 6. exd5 Nxd5 7. N2f3 Bb4+
8. Bd2 Bc5 9. Nb3 Be7 10. Bc4 Nc6 11. O-O O-O 12. Re1 Qc7 13. Bxd5 exd5 14.
Nfd4 Nxd4 15. Nxd4 Bf6 16. Bc3 Qb6 17. Re3 Be6 18. Qd3 Rac8 19. Rae1 Bd7 20. h3
g6 21. Qd1 Rfe8 22. Rxe8+ Rxe8 23. Rxe8+ Bxe8 24. Qd2 Qd6 25. Nf3 Bc6 26. Bxf6
Qxf6 27. Nd4 Bd7 28. b3 h5 29. a4 b6 30. Qe3 Qd6 31. Qg5 Kg7 32. Kf1 f6 33. Qe3
g5 34. Ke2 h4 35. Kd2 Kf7 36. Kd3 Kg6 37. Kc3 Kf7 38. Qd3 Ke8 39. Qe2+ Kd8 40.
Kb2 Kc8 41. Qd2 Qh2 42. f3 Qg3 43. b4 Bxa4 44. b5 Qd6 45. Qd3 Qb4+ 46. Kc1 Qe1+
47. Kb2 Qb4+ 48. Kc1 Qe1+ 49. Kb2 Qb4+ 1/2-1/2

[Event "GMI ECAM Lyon"]
[Site "?"]
[Date "2023.04.13"]
[Round "5.2"]
[White "Barbot, Pierre"]
[Black "Mathieu, Phileas"]
[Result "1-0"]
[ECO "A43"]
[WhiteElo "2442"]
[BlackElo "2391"]
[PlyCount "147"]
[EventDate "2023.04.11"]
[SourceDate "2023.04.11"]
[TimeControl "1/40:0"]

1. d4 Nf6 2. Nf3 c5 3. d5 b5 4. Bg5 g6 5. Bxf6 exf6 6. e4 b4 7. Nbd2 Bg7 8. Nc4
O-O 9. Bd3 d6 10. Nfd2 Qc7 11. O-O Nd7 12. a3 Bb7 13. axb4 cxb4 14. Ra5 Nc5 15.
Qf3 Rfe8 16. Qf4 Re5 17. Nb3 Nxb3 18. cxb3 f5 19. Ra4 fxe4 20. Nxe5 exd3 21.
Nxd3 Bxd5 22. Rc1 Qe7 23. Re1 Qc7 24. Rc1 Qe7 25. Rxb4 Qe2 26. Qe3 Qxe3 27.
fxe3 Re8 28. Nf4 Be4 29. Rcc4 d5 30. Rc7 g5 31. Ne2 Bxb2 32. Nc3 a5 33. Rb5
Bxc3 34. Rxc3 Ra8 35. Rcc5 a4 36. b4 h6 37. Ra5 Rd8 38. Rxa4 d4 39. exd4 Rxd4
40. Kf2 Bg6 41. Ra8+ Kg7 42. Rb8 Rd2+ 43. Kf3 Rd3+ 44. Ke2 Rb3 45. Re5 Rb2+ 46.
Kf3 Bh5+ 47. Kg3 Rb3+ 48. Kf2 Rb2+ 49. Kf1 Bg6 50. Re3 Bf5 51. h3 h5 52. Rg3
Kf6 53. Rf3 g4 54. Rb6+ Kg5 55. h4+ Kxh4 56. Rxf5 Kg3 57. Rxh5 Rf2+ 58. Ke1 f5
59. Rd6 Rf4 60. Rd2 Re4+ 61. Re2 Rxb4 62. Rxf5 Rb1+ 63. Kd2 Ra1 64. Ke3 Ra4 65.
Rd2 Ra3+ 66. Ke4 Ra4+ 67. Ke5 Ra6 68. Rf8 Ra5+ 69. Kf6 Kh2 70. Kg6 g3 71. Rh8+
Kg1 72. Rh3 Ra8 73. Kf7 Ra3 74. Kf6 1-0

[Event "GMI ECAM Lyon"]
[Site "?"]
[Date "2023.04.13"]
[Round "6.1"]
[White "Cheng, Bobby"]
[Black "Pourramezanali, Amirreza"]
[Result "1/2-1/2"]
[ECO "E08"]
[WhiteElo "2547"]
[BlackElo "2501"]
[PlyCount "84"]
[EventDate "2023.04.11"]
[SourceDate "2023.04.11"]
[TimeControl "1/40:0"]

1. d4 d5 2. c4 e6 3. Nf3 Nf6 4. g3 Bb4+ 5. Bd2 Be7 6. Bg2 O-O 7. O-O c6 8. Qc2
Nbd7 9. Bf4 b6 10. cxd5 cxd5 11. Rc1 Bb7 12. Bc7 Qe8 13. Qb3 Nb8 14. a4 Na6 15.
Bf4 Rc8 16. Nc3 h6 17. h4 Nd7 18. e3 Ndb8 19. Bf1 Qd8 20. Nb5 Nc6 21. h5 Nab4
22. Ne5 a6 23. Nxc6 Nxc6 24. Nc3 Na5 25. Qd1 Bd6 26. Bd3 Nc4 27. Qe2 a5 28. Nb5
Bxf4 29. gxf4 Nd6 30. Rxc8 Bxc8 31. Rc1 Nxb5 32. Bxb5 Bd7 33. Kg2 Be8 34. Kg3
Kh8 35. Qc2 g5 36. hxg6 Rg8 37. Bxe8 Qxe8 38. Kf3 Rxg6 39. Qc7 Kg7 40. b3 h5
41. Qe5+ f6 42. Qc7+ Kh6 {Qc81/2-1/2} 1/2-1/2

[Event "GMI ECAM Lyon"]
[Site "?"]
[Date "2023.04.13"]
[Round "6.2"]
[White "Lux, Hugo de Melo"]
[Black "Barbot, Pierre"]
[Result "1-0"]
[ECO "C54"]
[WhiteElo "2322"]
[BlackElo "2442"]
[PlyCount "53"]
[EventDate "2023.04.11"]
[SourceDate "2023.04.11"]
[TimeControl "1/40:0"]

1. e4 e5 2. Nf3 Nc6 3. Bc4 Bc5 4. c3 Nf6 5. d4 exd4 6. b4 Bb6 7. e5 d5 8. exf6
dxc4 9. Qe2+ Be6 10. b5 Na5 11. fxg7 Rg8 12. cxd4 Rxg7 13. Nc3 Bxd4 14. Bb2 Bf6
15. Ne4 Bxb2 16. Qxb2 Kf8 17. O-O b6 18. h4 h6 19. Rfe1 Nb7 20. Rad1 Qe7 21.
Qc1 Rh7 22. Qf4 Rd8 23. Nf6 Rh8 24. Rxd8+ Nxd8 25. Ne5 Qb4 26. Ned7+ Kg7 27.
Qg3+ 1-0

[Event "GMI ECAM Lyon"]
[Site "?"]
[Date "2023.04.14"]
[Round "7.2"]
[White "Pourramezanali, Amirreza"]
[Black "Velten, Paul"]
[Result "1/2-1/2"]
[ECO "C08"]
[WhiteElo "2501"]
[BlackElo "2488"]
[PlyCount "47"]
[EventDate "2023.04.11"]
[SourceDate "2023.04.11"]
[TimeControl "1/40:0"]

1. e4 e6 2. d4 d5 3. Nd2 c5 4. exd5 exd5 5. Ngf3 Nf6 6. Bb5+ Bd7 7. Bxd7+ Nbxd7
8. O-O Be7 9. dxc5 Nxc5 10. Nd4 g6 11. Re1 O-O 12. N2b3 Re8 13. Qf3 Nce4 14.
Bf4 Qd7 15. h3 Bf8 16. c3 b5 17. Qd3 b4 18. cxb4 Bxb4 19. Rec1 Bd6 20. Bxd6
Qxd6 21. Rc6 Qe5 22. Qe3 Nd7 23. f3 Ng3 24. Qxe5 1/2-1/2

[Event "GMI ECAM Lyon"]
[Site "?"]
[Date "2023.04.15"]
[Round "8.1"]
[White "Cheng, Bobby"]
[Black "Velten, Paul"]
[Result "1-0"]
[ECO "D20"]
[WhiteElo "2547"]
[BlackElo "2488"]
[PlyCount "79"]
[EventDate "2023.04.11"]
[SourceDate "2023.04.11"]
[TimeControl "1/40:0"]

1. d4 d5 2. c4 dxc4 3. e4 b5 4. a4 c6 5. axb5 cxb5 6. Nc3 Qb6 7. b3 e6 8. bxc4
Bb4 9. Bd2 bxc4 10. Bxc4 Ne7 11. Nf3 O-O 12. O-O a5 13. Na4 Qd6 14. g3 Bxd2 15.
Qxd2 Ba6 16. Bxa6 Qxa6 17. Nc5 Qa7 18. Rfb1 Qc7 19. Rb7 Qd8 20. Qg5 Nbc6 21.
Rd7 h6 22. Qd2 Qb6 23. Rb7 Qd8 24. Rc1 Ra7 25. Rxa7 Nxa7 26. Nb7 Qa8 27. Rc7
Rb8 28. Nc5 Nac6 29. d5 exd5 30. exd5 Rd8 31. d6 Nb4 32. Nb7 Ned5 33. Nxd8 Qxd8
34. Rc5 Qxd6 35. Rxa5 Qc6 36. Ne5 Qb7 37. Ra1 Qb8 38. Nc6 Qf8 39. Nxb4 Nxb4 40.
Qd7 1-0

[Event "GMI ECAM Lyon"]
[Site "?"]
[Date "2023.04.15"]
[Round "8.2"]
[White "Barbot, Pierre"]
[Black "Bournel, Antoine"]
[Result "1-0"]
[ECO "E11"]
[WhiteElo "2442"]
[BlackElo "2362"]
[PlyCount "148"]
[EventDate "2023.04.11"]
[SourceDate "2023.04.11"]
[TimeControl "1/40:0"]

1. d4 Nf6 2. c4 e6 3. Nf3 d5 4. g3 Bb4+ 5. Bd2 Be7 6. Bg2 O-O 7. O-O c6 8. Qc2
Nbd7 9. Bf4 b6 10. Nbd2 Ba6 11. Qa4 Bxc4 12. Nxc4 b5 13. Qa6 bxc4 14. Qxc6 Qb6
15. Qxb6 axb6 16. Nd2 b5 17. e4 Nb6 18. exd5 Nfxd5 19. Be3 Rfc8 20. Ne4 Ra5 21.
a3 Ra7 22. Rab1 Na4 23. Bd2 Nab6 24. Rfe1 Rd8 25. Nc3 b4 26. Nxd5 Nxd5 27. Bxd5
Rxd5 28. axb4 Rb7 29. b3 cxb3 30. Bc3 Bxb4 31. Rxb3 Bxc3 32. Rxb7 g6 33. Rd1
Bxd4 34. Kg2 h5 35. Rd3 Kg7 36. Rb1 Rd6 37. Rbd1 e5 38. Rb1 Rb6 39. Rxb6 Bxb6
40. Rd6 Ba5 41. f3 Bb4 42. Rb6 Bc3 43. Kf1 Bd4 44. Rc6 Kh6 45. Ke2 Bg1 46. Kf1
Bd4 47. Ra6 Kg5 48. h3 Kh6 49. Rf6 Kg7 50. Rd6 Bc3 51. Ke2 Bb4 52. Rc6 Ba3 53.
Kd3 Bb2 54. Rc7 Kf6 55. Ke4 Ba1 56. Rc6+ Ke7 57. Kd5 Bb2 58. Rc7+ Kf8 59. Kd6
Bd4 60. Rc2 Kg7 61. Ke7 Bb6 62. g4 hxg4 63. hxg4 Be3 64. Rc7 Bf4 65. Ke8 Kf6
66. Rxf7+ Kg5 67. Rg7 Kh4 68. Rb7 Kg3 69. Rb3 e4 70. fxe4+ Kxg4 71. Kf7 Bc7 72.
Kxg6 Bd6 73. Rb6 Be5 74. Rf6 Kh4 1-0